 Dungeon Crawl Stone Soup version 0.23.2-1-ga50397a6bc (webtiles) character file.

Game seed: 16777249828891184878

348 Banto the Skirmisher (level 6, 0/56 HPs)
             Began as a Demigod Wanderer on May 13, 2019.
             Slain by a gnoll
             ... wielding a +0 whip
              (1 damage)
             ... on level 4 of the Dungeon.
             The game lasted 00:04:07 (3385 turns).

Banto the Skirmisher (Demigod Wanderer)             Turns: 3385, Time: 00:04:07

Health: 0/56       AC:  7    Str: 15    XL:     6   Next: 10%
Magic:  11/11      EV: 10    Int: 14    God:
Gold:   92         SH:  0    Dex: 21    Spells: 9/9 levels left

rFire    + . .     SeeInvis .   m - +1 dagger (venom)
rCold    . . .     Gourm    .   (no shield)
rNeg     . . .     Faith    .   b - +0 ring mail
rPois    .         Spirit   .   (no helmet)
rElec    .         Reflect  .   o - +1 cloak
rCorr    .         Harm     .   (no gloves)
MR       .....                  (no boots)
Stlth    ++........             (no amulet)
HPRegen  0.18/turn              j - ring of protection from fire
MPRegen  0.12/turn              (no ring)

@: no status effects
A: high mp 1
a: no special abilities


You were on level 4 of the Dungeon.
You were not hungry.

You visited 1 branch of the dungeon, and saw 4 of its levels.

You collected 92 gold pieces.

Inventory:

Hand Weapons
 a - a +0 shortbow
 m - a +1 dagger of venom (weapon)
Missiles
 d - 27 arrows
Armour
 b - a +0 ring mail (worn)
 o - a +1 cloak (worn)
Jewellery
 j - a ring of protection from fire (left hand)
Scrolls
 e - 3 scrolls of identify
 h - 2 scrolls of remove curse
 n - a scroll of immolation
 q - a scroll of amnesia
 s - a scroll of enchant weapon
 v - a scroll of enchant armour
Potions
 p - a potion of haste
 r - 2 potions of curing
Comestibles
 g - 5 rations


   Skills:
 + Level 5.6 Fighting
 - Level 1.3 Bows
 - Level 1.0 Armour
 - Level 2.1 Stealth
 - Level 2.0 Spellcasting
   Level 1.0 Hexes
   Level 1.7 Charms


You had 9 spell levels left.
You didn't know any spells.
Your spell library contained the following spells:

 Spells                   Type           Power        Failure   Level  Hunger
 Infusion                 Chrm           #...         22%         1    ##.....
 Song of Slaying          Chrm           #.......     34%         2    ###....
 Pain                     Necr           #...         43%         1    ##.....
 Shroud of Golubria       Chrm/Tloc      #.........   45%         2    ###....
 Spectral Weapon          Hex/Chrm       #.......     63%         3    ####...
 Regeneration             Chrm/Necr      #.........   69%         3    ####...


Dungeon Overview and Level Annotations

Branches:
Dungeon (4/15)
 Temple: D:4-7

Annotations:
D:4 Ijyb


Innate Abilities, Weirdness & Mutations

You have an increased reservoir of magic. (+10% MP)


Message History

Ijyb is lightly wounded.
Ijyb hits you but does no damage.
The hound skeleton bites you but does no damage.
You barely miss Ijyb.
Ijyb is lightly wounded.
The hound skeleton bites you.
* * * LOW HITPOINT WARNING * * *
Ijyb hits you but does no damage. The gnoll barely misses you.
You barely miss Ijyb.
Ijyb is moderately wounded.
The hound skeleton completely misses you.
Ijyb zaps a wand.
You resist with some effort. The gnoll hits you with a +0 whip.
* * * LOW HITPOINT WARNING * * *
The hound skeleton bites you but does no damage.
You closely miss Ijyb.
Ijyb is moderately wounded.
Ijyb hits you but does no damage. The hound skeleton barely misses you.
The gnoll hits you with a +0 whip.
You die...

,*,,,#......#....#,,,********,,,*
,**+*#8..####....#...#,,,,,,+,,,*
,,,,,#####.......#...+,,,,,**,,,*
,,,,,,#.........##...#,,,,,***+**
,,,,,,#.........#....#,,,,,,,,,,,
,,,,,,##..)....##....#,,,,,,,,,,,
,,,,,,,#....Z..#.....#,,,,,,,,,,,
,**,***##.....##(....#,,,,,***,,,
,**+*,..##...##Z@....#*+******,,,
,,,,*..........gg....#,,,,,,,+,,,
,,,,+...........Z....#,,,,,,,*,,,
,,,,*................#,,,,,,,*,,,
*****..<...!.........#,,,**,**,**
,,,,,########....>####,,,**,**,**
,,,,,* #.....#,,,,,,,,,,,,,,
,,,,,* #.....#,,,,,,,,,,,,,,
,,,,,* #.....#,,,,,,,,,,,,,,


You could see Ijyb, a gnoll, a quokka skeleton and a hound skeleton.

Vanquished Creatures
  An ogre (D:4)
  Jessica (D:3)
  An iguana (D:4)
  6 gnolls
  5 adders
  An ooze (D:3)
  A dart slug (D:2)
  6 leopard geckos
  4 orcs (D:3)
  A ball python (D:1)
  4 bats (D:1)
  2 giant cockroaches
  10 goblins
  7 hobgoblins
  19 kobolds
  4 quokkas
  12 frilled lizards
  9 rats
94 creatures vanquished.

Notes
Turn   | Place    | Note
-------+----------+-------------------------------------------
     0 | D:1      | Banto the Demigod Wanderer began the quest for the Orb.
     0 | D:1      | Banto set off with the following items: a +0 shortbow, 23
                  | arrows, a +0 robe, a +0 dagger, a ration; and the following
                  | spells available to memorise: Infusion, Song of Slaying,
                  | Pain, Shroud of Golubria, Spectral Weapon, Regeneration
     0 | D:1      | Reached XP level 1. HP: 16/16 MP: 5/5
    95 | D:1      | Reached XP level 2. HP: 23/23 MP: 7/7
   584 | D:1      | Reached skill level 2 in Fighting
   773 | D:2      | Reached XP level 3. HP: 29/29 MP: 8/8
  1241 | D:2      | Reached skill level 3 in Fighting
  1393 | D:2      | Reached XP level 4. HP: 19/38 MP: 9/9
  2042 | D:3      | Reached skill level 4 in Fighting
  2298 | D:3      | Noticed Jessica
  2332 | D:3      | Killed Jessica
  2332 | D:3      | Reached XP level 5. HP: 8/47 MP: 10/10
  2595 | D:3      | Found a deep blue altar of Sif Muna.
  2658 | D:3      | Found a blossoming altar of Fedhas.
  2659 | D:3      | Found an ornate altar of the Wu Jian Council.
  2709 | D:3      | Found a bloodstained altar of Trog.
  2847 | D:3      | Found a faded altar of an unknown god.
  3252 | D:4      | Noticed an ogre
  3261 | D:4      | Killed an ogre
  3261 | D:4      | Reached skill level 5 in Fighting
  3285 | D:4      | Reached XP level 6. HP: 28/56 MP: 11/11
  3372 | D:4      | Noticed Ijyb
  3384 | D:4      | HP: 1/56 [gnoll/+0 whip (5)]
  3385 | D:4      | Slain by a gnoll

Skill      XL: |  1  2  3  4  5 |
---------------+----------------+-----
Stealth        | 2 |  2.1
Spellcasting   | 2 |  2.0
Fighting       | 2 3 4 5 |  5.6
Bows           | |  1.3
Armour         | |  1.0
Hexes          | |  1.0
Charms         | |  1.7

Action                   |  1- 3 |  4- 6 || total
-------------------------+-------+-------++-------
Melee: Dagger            |    56 |   167 ||   223
 Fire: Shortbow          |    77 |       ||    77
  Use: Potion            |       |     1 ||     1
       Scroll            |       |    13 ||    13
 Stab: Sleeping          |     1 |     2 ||     3
  Eat: Chunk             |     1 |     7 ||     8
Armor: Ring mail         |    31 |    74 ||   105
Dodge: Dodged            |    48 |   102 ||   150
